Icehogs vs Bears
Created - December 27, 2023 at 21:29
Goals
|
| Icehogs |
0 |
2 |
0 |
2 |
| Bears |
1 |
2 |
2 |
5 |
|
Shots
|
| Icehogs |
11 |
9 |
16 |
36 |
| Bears |
14 |
12 |
15 |
41 |
|
1st period
1. Bears , Emil Johansson 1 (Adam Lowry 5, Jake Allen) at 19:18
Penalties :
Duncan Siemens (Roc) for Roughing (Minor) at 16:12
2nd period
2. Bears , Kerby Rychel 18 (Christian Dvorak 11) at 4:36 (SH)
3. Icehogs , Mikhail Grigorenko 15 (Hudson Fasching 16, Duncan Siemens 6) at 17:49
4. Icehogs , Hudson Fasching 29 (Mike Reilly 16, Dillon Dube 6) at 19:25
5. Bears , Joshua Leivo 14 (Christian Dvorak 12) at 19:58
Penalties :
Vincent Dunn (Her) for Hooking (Minor) at 4:21, Jesper Pettersson (Her) for Tripping (Minor) at 10:46
3rd period
6. Bears , A.J. Jenks 8 (Christian Dvorak 13, Joshua Leivo 12) at 2:51
7. Bears , Logan O'Connor 9 (Nikolay Prokhorkin 7, Adam Lowry 6) at 4:27
Penalties :
Cole Smith (Her) for High sticking (Minor) at 6:53
Goalie Stats
Oscar Dansk (Roc), 36 saves from 41 shots - (0.878), L, 0-3-1, 60:00 minutes
Jake Allen (Her), 34 saves from 36 shots - (0.944), W, 17-9-0, 60:00 minutes
Players Stats for Icehogs
Player Name G A P +/- PIM S H SB GA TA FO MP PP MP PK MP
------------------------------------------------------------------------------------
Adam Boqvist 0 0 0 -1 0 0 0 0 0 0 0/0 12:37 0:00 0:29
Andrew Poturalski 0 0 0 -2 0 0 1 0 0 1 5/14 16:25 2:48 0:00
Calle Andersson 0 0 0 0 0 0 0 2 0 0 0/0 19:22 2:33 0:49
Clark Bishop 0 0 0 0 0 0 0 0 0 0 0/0 0:27 0:00 0:27
Dillon Dube 0 1 1 1 0 2 4 0 0 0 18/40 21:15 3:09 0:00
Duncan Siemens 0 1 1 0 2 1 0 2 0 1 0/0 18:10 2:33 0:00
Hudson Fasching 1 1 2 1 0 6 1 0 1 0 2/5 22:16 3:09 1:01
J.T. Brown 0 0 0 -2 0 2 1 1 1 0 0/0 16:56 2:48 0:31
Jackson Cates 0 0 0 0 0 0 0 0 0 0 0/0 0:00 0:00 0:00
Jeremy Davies 0 0 0 -1 0 0 0 1 0 2 0/0 12:08 0:00 0:00
JJ. Piccinich 0 0 0 0 0 0 0 0 0 0 0/0 0:00 0:00 0:00
Julius Honka 0 0 0 -2 0 4 1 3 0 2 0/0 25:28 3:24 1:10
Kristian Reichel 0 0 0 0 0 0 0 0 0 0 0/0 0:00 0:00 0:00
Kurtis Gabriel 0 0 0 0 0 3 2 0 0 0 0/0 13:05 0:00 0:31
Maxim Letunov 0 0 0 -2 0 2 2 0 0 0 1/1 7:47 0:00 0:00
Michael Rasmussen 0 0 0 0 0 4 0 0 0 0 2/3 12:34 0:00 0:00
Mike Reilly 0 1 1 -2 0 3 1 2 0 2 0/0 28:30 3:24 1:10
Mikhail Grigorenko 1 0 1 1 0 4 2 2 0 0 1/2 22:16 3:09 1:01
Myles Bell 0 0 0 0 0 0 0 1 1 0 0/0 13:01 0:00 0:27
Nick Paul 0 0 0 -2 0 4 0 1 0 0 0/1 16:25 2:48 0:00
Nikita Scherbak 0 0 0 -2 0 1 1 0 0 0 0/0 7:47 0:00 0:00
Patrick Russell 0 0 0 0 0 0 0 0 0 0 0/0 0:00 0:00 0:00
Ross Johnston 0 0 0 -2 0 0 1 0 0 0 0/0 7:47 0:00 0:00
Thomas DiPauli 0 0 0 0 0 0 0 0 0 0 0/0 0:00 0:00 0:00
Zach Whitecloud 0 0 0 0 0 0 0 0 0 0 0/0 3:44 0:00 0:20
Players Stats for Bears
Player Name G A P +/- PIM S H SB GA TA FO MP PP MP PK MP
------------------------------------------------------------------------------------
A.J. Jenks 1 0 1 1 0 5 0 0 2 0 1/1 17:54 0:56 1:23
Adam Lowry 0 2 2 1 0 1 3 0 0 0 1/3 9:26 0:00 1:27
Austin Wuthrich 0 0 0 0 0 1 0 0 0 1 0/0 10:48 0:00 0:00
Christian Dvorak 0 3 3 2 0 3 4 0 2 0 7/15 20:00 0:56 2:56
Cole Smith 0 0 0 0 2 3 1 0 0 1 0/0 11:53 0:00 0:00
Emil Johansson 1 0 1 1 0 4 0 2 0 0 0/0 21:46 0:47 2:44
Gianluca Curcuruto 0 0 0 2 0 1 1 1 0 0 0/0 26:22 1:12 3:13
Jacob Bryson 0 0 0 0 0 1 1 0 0 0 0/0 11:52 0:00 0:00
Jesper Pettersson 0 0 0 0 2 0 0 0 0 0 0/0 12:03 0:00 0:00
Joshua Leivo 1 1 2 1 0 3 2 0 1 1 1/1 16:05 0:56 0:00
Kerby Rychel 1 0 1 1 0 6 3 2 0 0 2/3 21:57 1:03 3:00
Logan O'Connor 1 0 1 1 0 3 0 0 1 0 0/0 7:47 0:00 0:00
Michael Prapavessis 0 0 0 1 0 1 1 1 0 0 0/0 21:46 0:47 2:44
Nicolas Aube-Kubel 0 0 0 0 0 3 0 0 2 0 0/0 19:46 1:03 1:34
Nikolay Prokhorkin 0 1 1 1 0 0 1 0 0 0 0/0 7:47 0:00 0:00
Sam Carrick 0 0 0 0 0 1 3 1 0 0 21/37 19:27 1:03 1:34
Tommy Vannelli 0 0 0 2 0 2 1 1 0 0 0/0 26:22 1:12 3:13
Vincent Dunn 0 0 0 0 2 3 0 0 0 0 4/6 10:59 0:00 0:00
3 Stars
1 - Christian Dvorak (Her)
2 - Joshua Leivo (Her)
3 - Kerby Rychel (Her)
Power Play
Icehogs - 0 on 3 Attempt(s) - 0.00%
Bears - 0 on 1 Attempt(s) - 0.00%
Penalty Kill
Icehogs - 1 on 1 Attempt(s) - 100.00%
- Score 0 goal in Penalty Kill
Bears - 3 on 3 Attempt(s) - 100.00%
- Score 1 goal in Penalty Kill
Team Stat
Icehogs - Hits : 17 - Faceoff Wins : 29 - Blocked Shots : 15 - Penalty Minutes : 2
Bears - Hits : 21 - Faceoff Wins : 37 - Blocked Shots : 8 - Penalty Minutes : 6
Official
Referees : Dan O'Rourke and Garrett Rank
Linesman : Julien Fournier and Shandor Alphonso
Game Notes
No Game Note
Finance
Level 1 -- Attendance: 1742 (87.10%) -- Ticket Income $121,940
Level 2 -- Attendance: 920 (92.00%) -- Ticket Income $36,800
Total Attendance: 2662 (88.73%)
Total Ticket Income: $158,740
Other Income: $7,937
Total Income: $166,677
Icehogs
5 vs 5 Forward
Center Left Wing Right Wing Time % Phy DF OF
1 Dillon Dube Mikhail Grigorenko Hudson Fasching 40 1 2 2
2 Andrew Poturalski Nick Paul J.T. Brown 30 1 2 2
3 Michael Rasmussen Myles Bell Kurtis Gabriel 20 1 2 2
4 Maxim Letunov Ross Johnston Nikita Scherbak 10 1 2 2
5 vs 5 Defense
Defense Defense Time % Phy DF OF
1 Mike Reilly Julius Honka 40 1 2 2
2 Duncan Siemens Calle Andersson 30 1 2 2
3 Jeremy Davies Adam Boqvist 20 1 2 2
4 Zach Whitecloud Mike Reilly 10 1 2 2
PowerPlay Forward
Center Left Wing Right Wing Time % Phy DF OF
1 Dillon Dube Mikhail Grigorenko Hudson Fasching 60 1 2 2
2 Andrew Poturalski Nick Paul J.T. Brown 40 1 2 2
PowerPlay Defense
Defense Defense Time % Phy DF OF
1 Mike Reilly Julius Honka 60 1 2 2
2 Duncan Siemens Calle Andersson 40 1 2 2
Penalty Kill 4 Players Forward
Center Wing Time % Phy DF OF
1 Mikhail Grigorenko Hudson Fasching 60 1 2 2
2 J.T. Brown Kurtis Gabriel 40 1 2 2
Penalty Kill 4 Players Defense
Defense Defense Time % Phy DF OF
1 Mike Reilly Julius Honka 60 1 2 2
2 Duncan Siemens Calle Andersson 40 1 2 2
Penalty Kill - 3 Players Forward
Forward Time % Phy DF OF
1 Mikhail Grigorenko 60 1 2 2
2 Hudson Fasching 40 1 2 2
Penalty Kill - 3 Players Defense
Defense Defense Time % Phy DF OF
1 Mike Reilly Julius Honka 60 1 2 2
2 Duncan Siemens Calle Andersson 40 1 2 2
4 vs 4 Forward
Center Wing Time % Phy DF OF
1 Mikhail Grigorenko Hudson Fasching 60 1 2 2
2 J.T. Brown Kurtis Gabriel 40 1 2 2
4 vs 4 Defense
Defense Defense Time % Phy DF OF
1 Mike Reilly Julius Honka 60 1 2 2
2 Duncan Siemens Calle Andersson 40 1 2 2
Last Minutes Offensive
Center Left Wing Right Wing Defense Defense
Dillon Dube Mikhail Grigorenko Hudson Fasching Mike Reilly Julius Honka
Last Minutes Defensive
Center Left Wing Right Wing Defense Defense
Dillon Dube Mikhail Grigorenko Hudson Fasching Mike Reilly Julius Honka
Goaltenders
Starting : Oscar Dansk
Backup : Mackenzie Blackwood
Extra Forwards
Normal : Patrick Russell, Thomas DiPauli, Clark Bishop - PP : Patrick Russell, Thomas DiPauli - PK : Clark Bishop
Extra Defensemen
Normal : Jeremy Davies, Adam Boqvist, Zach Whitecloud - PP : Jeremy Davies - PK : Adam Boqvist, Zach Whitecloud
Penalty Shots
Mikhail Grigorenko, Hudson Fasching, J.T. Brown, Kurtis Gabriel, Nick Paul
Custom OT Lines Forwards
Mikhail Grigorenko, Hudson Fasching, J.T. Brown, Kurtis Gabriel, Nick Paul, Myles Bell, Dillon Dube, Andrew Poturalski, Nikita Scherbak, Michael Rasmussen
Custom OT Lines Defensemen
Mike Reilly, Julius Honka, Duncan Siemens, Calle Andersson, Jeremy Davies
Scratches
Patrick Sieloff (Facial Surgery Injury), Declan Chisholm (Healthy), Mitchell Chaffee (Healthy), Gabriel Fortier (Healthy), Petr Kvaca (Healthy)
Bears
5 vs 5 Forward
Center Left Wing Right Wing Time % Phy DF OF
1 Sam Carrick Kerby Rychel Nicolas Aube-Kubel 40 0 0 5
2 Christian Dvorak A.J. Jenks Joshua Leivo 30 0 1 4
3 Vincent Dunn Cole Smith Austin Wuthrich 20 0 2 3
4 Adam Lowry Nikolay Prokhorkin Logan O'Connor 10 0 2 3
5 vs 5 Defense
Defense Defense Time % Phy DF OF
1 Tommy Vannelli Gianluca Curcuruto 40 0 2 3
2 Michael Prapavessis Emil Johansson 30 0 3 2
3 Jacob Bryson Jesper Pettersson 20 0 4 1
4 Tommy Vannelli Gianluca Curcuruto 10 0 3 2
PowerPlay Forward
Center Left Wing Right Wing Time % Phy DF OF
1 Sam Carrick Kerby Rychel Nicolas Aube-Kubel 60 0 0 5
2 Christian Dvorak A.J. Jenks Joshua Leivo 40 0 0 5
PowerPlay Defense
Defense Defense Time % Phy DF OF
1 Tommy Vannelli Gianluca Curcuruto 60 0 2 3
2 Michael Prapavessis Emil Johansson 40 0 3 2
Penalty Kill 4 Players Forward
Center Wing Time % Phy DF OF
1 Christian Dvorak Kerby Rychel 60 0 4 1
2 Sam Carrick Nicolas Aube-Kubel 40 0 4 1
Penalty Kill 4 Players Defense
Defense Defense Time % Phy DF OF
1 Tommy Vannelli Gianluca Curcuruto 60 0 4 1
2 Michael Prapavessis Emil Johansson 40 0 4 1
Penalty Kill - 3 Players Forward
Forward Time % Phy DF OF
1 Sam Carrick 60 0 5 0
2 Christian Dvorak 40 0 5 0
Penalty Kill - 3 Players Defense
Defense Defense Time % Phy DF OF
1 Tommy Vannelli Gianluca Curcuruto 60 0 5 0
2 Michael Prapavessis Emil Johansson 40 0 5 0
4 vs 4 Forward
Center Wing Time % Phy DF OF
1 Sam Carrick Kerby Rychel 60 0 1 4
2 Christian Dvorak Nicolas Aube-Kubel 40 0 1 4
4 vs 4 Defense
Defense Defense Time % Phy DF OF
1 Tommy Vannelli Gianluca Curcuruto 60 0 2 3
2 Michael Prapavessis Emil Johansson 40 0 3 2
Last Minutes Offensive
Center Left Wing Right Wing Defense Defense
Sam Carrick Kerby Rychel Nicolas Aube-Kubel Tommy Vannelli Gianluca Curcuruto
Last Minutes Defensive
Center Left Wing Right Wing Defense Defense
Sam Carrick Kerby Rychel Nicolas Aube-Kubel Tommy Vannelli Gianluca Curcuruto
Goaltenders
Starting : Jake Allen
Backup : Artyom Zagidulin
Extra Forwards
Normal : Kerby Rychel, Nicolas Aube-Kubel, A.J. Jenks - PP : Kerby Rychel, Nicolas Aube-Kubel - PK : Christian Dvorak
Extra Defensemen
Normal : Tommy Vannelli, Michael Prapavessis, Emil Johansson - PP : Tommy Vannelli - PK : Tommy Vannelli, Gianluca Curcuruto
Penalty Shots
Kerby Rychel, Nicolas Aube-Kubel, Sam Carrick, Joshua Leivo, A.J. Jenks
Custom OT Lines Forwards
Kerby Rychel, Nicolas Aube-Kubel, Sam Carrick, Joshua Leivo, A.J. Jenks, Christian Dvorak, Austin Wuthrich, Cole Smith, Logan O'Connor, Nikolay Prokhorkin
Custom OT Lines Defensemen
Tommy Vannelli, Gianluca Curcuruto, Michael Prapavessis, Emil Johansson, Jacob Bryson
Scratches
Blake Speers (Healthy), Colby Cave (Healthy), David Farrance (Healthy), Mackenze Stewart (Healthy), Zack Hayes (Healthy)
Mario Ferraro (Healthy), Will Reilly (Healthy), Kristians Rubins (Healthy), Ryan Graves (Facial Surgery Injury), Isaac Ratcliffe (Healthy)
Nicholas Caamano (Healthy), Jakob Stenqvist (Healthy), Arvid Henrikson (Healthy), Kirill Maksimov (Healthy)
% Time on Ice - Icehogs
Lines # - Real PCT - Wanted PCT - Time Play
Normal Forward
1 - 35% - 40% - 18:06
2 - 26% - 30% - 13:37
3 - 24% - 20% - 12:34
4 - 15% - 10% - 7:47
Normal Defense
1 - 40% - 40% - 20:54
2 - 30% - 30% - 15:38
3 - 23% - 20% - 12:08
4 - 7% - 10% - 3:24
PP Forward
1 - 53% - 60% - 3:09
2 - 47% - 40% - 2:48
PP Defense
1 - 57% - 60% - 3:24
2 - 43% - 40% - 2:33
PK Forward
1 - 74% - 60% - 1:28
2 - 26% - 40% - 0:31
PK Defense
1 - 59% - 60% - 1:10
2 - 41% - 40% - 0:49
PK3 Forward
1 - 0% - 60%
2 - 0% - 40%
PK3 Defense
1 - 0% - 60%
2 - 0% - 40%
44 Forward
1 - 0% - 60%
2 - 0% - 40%
44 Defense
1 - 0% - 60%
2 - 0% - 40%
Last Minute Offensive - 0:00
Last Minute Defensive - 0:00
Total
Forward - 60:00
Defense - 60:00
|
% Time on Ice - Bears
Lines # - Real PCT - Wanted PCT - Time Play
Normal Forward
1 - 35% - 40% - 18:20
2 - 29% - 30% - 15:09
3 - 21% - 20% - 10:48
4 - 15% - 10% - 7:47
Normal Defense
1 - 38% - 40% - 19:41
2 - 35% - 30% - 18:15
3 - 23% - 20% - 11:52
4 - 4% - 10% - 2:16
PP Forward
1 - 53% - 60% - 1:03
2 - 47% - 40% - 0:56
PP Defense
1 - 61% - 60% - 1:12
2 - 39% - 40% - 0:47
PK Forward
1 - 74% - 60% - 4:23
2 - 26% - 40% - 1:34
PK Defense
1 - 54% - 60% - 3:13
2 - 46% - 40% - 2:44
PK3 Forward
1 - 0% - 60%
2 - 0% - 40%
PK3 Defense
1 - 0% - 60%
2 - 0% - 40%
44 Forward
1 - 0% - 60%
2 - 0% - 40%
44 Defense
1 - 0% - 60%
2 - 0% - 40%
Last Minute Offensive - 0:00
Last Minute Defensive - 0:00
Total
Forward - 60:00
Defense - 60:00
|
Play-by-Play
1st period
0:01 of 1st period - Sam Carrick wins face-off versus Dillon Dube in neutral zone.
0:06 of 1st period - Wrist shot by Kerby Rychel.
0:06 of 1st period - Shot Misses the Net.
1:11 of 1st period - Snap shot by Mikhail Grigorenko.
1:11 of 1st period - Shot Misses the Net.
1:39 of 1st period - J.T. Brown is hit by Sam Carrick and loses puck.
2:22 of 1st period - Snap shot by Logan O'Connor.
2:22 of 1st period - Shot Misses the Net.
3:04 of 1st period - Snap shot by Christian Dvorak.
3:04 of 1st period - Deflect By A.J. Jenks.
3:04 of 1st period - Stopped by Oscar Dansk with a rebound.
3:06 of 1st period - Backhand shot by Michael Prapavessis.
3:06 of 1st period - Shot Misses the Net.
3:08 of 1st period - Backhand shot by Emil Johansson.
3:08 of 1st period - Stopped by Oscar Dansk without a rebound.
3:09 of 1st period - Andrew Poturalski wins face-off versus Sam Carrick in Icehogs zone.
3:34 of 1st period - Sam Carrick is hit by Nikita Scherbak and loses puck.
3:43 of 1st period - Calle Andersson is hit by Kerby Rychel.
3:57 of 1st period - Wrist shot by Michael Rasmussen.
3:57 of 1st period - Shot Misses the Net.
3:59 of 1st period - Slapshot by Michael Rasmussen.
3:59 of 1st period - Stopped by Jake Allen without a rebound.
4:00 of 1st period - Michael Rasmussen wins face-off versus Christian Dvorak in Bears zone.
4:05 of 1st period - Snap shot by Kurtis Gabriel.
4:05 of 1st period - Stopped by Jake Allen with a rebound.
4:30 of 1st period - Slapshot by Austin Wuthrich.
4:30 of 1st period - Shot Blocked by Mikhail Grigorenko.
4:32 of 1st period - Slapshot by Tommy Vannelli.
4:32 of 1st period - Stopped by Oscar Dansk with a rebound.
4:48 of 1st period - Wrist shot by Nikita Scherbak.
4:48 of 1st period - Stopped by Jake Allen with a rebound.
5:08 of 1st period - Slapshot by Adam Lowry.
5:08 of 1st period - Shot Misses the Net.
5:10 of 1st period - Slapshot by Gianluca Curcuruto.
5:10 of 1st period - Stopped by Oscar Dansk without a rebound.
5:11 of 1st period - Christian Dvorak wins face-off versus Andrew Poturalski in Icehogs zone.
5:18 of 1st period - Slapshot by Joshua Leivo.
5:18 of 1st period - Shot Misses the Net.
5:20 of 1st period - Wrist shot by Christian Dvorak.
5:20 of 1st period - Shot Misses the Net.
5:22 of 1st period - Slapshot by Emil Johansson.
5:22 of 1st period - Shot Misses the Net.
5:24 of 1st period - Wrist shot by Michael Prapavessis.
5:24 of 1st period - Stopped by Oscar Dansk with a rebound.
5:26 of 1st period - Wrist shot by Michael Prapavessis.
5:26 of 1st period - Deflect By Joshua Leivo.
5:26 of 1st period - Stopped by Oscar Dansk without a rebound.
5:27 of 1st period - Sam Carrick wins face-off versus Dillon Dube in Icehogs zone.
5:34 of 1st period - Snap shot by Sam Carrick.
5:34 of 1st period - Stopped by Oscar Dansk without a rebound.
5:35 of 1st period - Dillon Dube wins face-off versus Sam Carrick in Icehogs zone.
5:42 of 1st period - Snap shot by Mikhail Grigorenko.
5:42 of 1st period - Shot Misses the Net.
6:24 of 1st period - Snap shot by Austin Wuthrich.
6:24 of 1st period - Deflect By Cole Smith.
6:24 of 1st period - Shot Blocked by Mike Reilly.
6:24 of 1st period - Puck is out of play.
6:25 of 1st period - Vincent Dunn wins face-off versus Michael Rasmussen in Icehogs zone.
6:32 of 1st period - Snap shot by Vincent Dunn.
6:32 of 1st period - Stopped by Oscar Dansk with a rebound.
6:52 of 1st period - Wrist shot by Kurtis Gabriel.
6:52 of 1st period - Shot Misses the Net.
6:54 of 1st period - Snap shot by Michael Rasmussen.
6:54 of 1st period - Stopped by Jake Allen with a rebound.
6:58 of 1st period - Backhand shot by Kurtis Gabriel.
6:58 of 1st period - Stopped by Jake Allen without a rebound.
6:59 of 1st period - Sam Carrick wins face-off versus Dillon Dube in Bears zone.
6:59 of 1st period - Sam Carrick is hit by Mikhail Grigorenko.
7:25 of 1st period - J.T. Brown is hit by Christian Dvorak and loses puck.
7:44 of 1st period - Tommy Vannelli is hit by Ross Johnston and loses puck.
7:52 of 1st period - Jeremy Davies is hit by Nikolay Prokhorkin.
8:14 of 1st period - Snap shot by Myles Bell.
8:14 of 1st period - Deflect By Michael Rasmussen.
8:14 of 1st period - Stopped by Jake Allen without a rebound.
8:15 of 1st period - A.J. Jenks wins face-off versus Dillon Dube in Bears zone.
8:21 of 1st period - Off-side.
8:22 of 1st period - Dillon Dube wins face-off versus Christian Dvorak in neutral zone.
8:38 of 1st period - Slapshot by Hudson Fasching.
8:38 of 1st period - Stopped by Jake Allen with a rebound.
9:53 of 1st period - Snap shot by Cole Smith.
9:53 of 1st period - Stopped by Oscar Dansk without a rebound.
9:54 of 1st period - Dillon Dube wins face-off versus Sam Carrick in Icehogs zone.
9:59 of 1st period - Wrist shot by Mikhail Grigorenko.
9:59 of 1st period - Stopped by Jake Allen without a rebound.
10:00 of 1st period - Dillon Dube wins face-off versus Sam Carrick in Bears zone.
10:03 of 1st period - Snap shot by Hudson Fasching.
10:03 of 1st period - Shot Blocked by Emil Johansson.
10:06 of 1st period - Icing by Emil Johansson.
10:07 of 1st period - Sam Carrick wins face-off versus Dillon Dube in Bears zone.
10:09 of 1st period - Icing by Kerby Rychel.
10:10 of 1st period - Dillon Dube wins face-off versus Sam Carrick in Bears zone.
10:11 of 1st period - Snap shot by Hudson Fasching.
10:11 of 1st period - Stopped by Jake Allen without a rebound.
10:12 of 1st period - Sam Carrick wins face-off versus Dillon Dube in Bears zone.
10:43 of 1st period - Snap shot by Joshua Leivo.
10:43 of 1st period - Stopped by Oscar Dansk without a rebound.
10:44 of 1st period - Christian Dvorak wins face-off versus Andrew Poturalski in Icehogs zone.
10:59 of 1st period - Snap shot by Christian Dvorak.
10:59 of 1st period - Shot Misses the Net.
11:19 of 1st period - Snap shot by Kerby Rychel.
11:19 of 1st period - Shot Misses the Net.
11:25 of 1st period - Nicolas Aube-Kubel is hit by Dillon Dube and loses puck.
12:03 of 1st period - Slapshot by A.J. Jenks.
12:03 of 1st period - Stopped by Oscar Dansk without a rebound.
12:04 of 1st period - Andrew Poturalski wins face-off versus Christian Dvorak in Icehogs zone.
12:04 of 1st period - Andrew Poturalski is hit by Christian Dvorak.
12:56 of 1st period - Slapshot by J.T. Brown.
12:56 of 1st period - Deflect By Tommy Vannelli.
12:56 of 1st period - Stopped by Jake Allen without a rebound.
12:57 of 1st period - Dillon Dube wins face-off versus Sam Carrick in Bears zone.
13:08 of 1st period - Wrist shot by Kerby Rychel.
13:08 of 1st period - Stopped by Oscar Dansk with a rebound.
13:31 of 1st period - A.J. Jenks is hit by Kurtis Gabriel and loses puck.
14:53 of 1st period - Ross Johnston is hit by Christian Dvorak and loses puck.
15:00 of 1st period - Backhand shot by Joshua Leivo.
15:00 of 1st period - Shot Misses the Net.
15:02 of 1st period - Slapshot by Jacob Bryson.
15:02 of 1st period - Shot Blocked by Jeremy Davies.
15:04 of 1st period - Snap shot by A.J. Jenks.
15:04 of 1st period - Deflect By Christian Dvorak.
15:04 of 1st period - Shot Misses the Net.
15:04 of 1st period - Puck is out of play.
15:05 of 1st period - Sam Carrick wins face-off versus Dillon Dube in Icehogs zone.
15:18 of 1st period - Wrist shot by Mike Reilly.
15:18 of 1st period - Stopped by Jake Allen with a rebound.
15:20 of 1st period - Snap shot by Julius Honka.
15:20 of 1st period - Deflect By Hudson Fasching.
15:20 of 1st period - Shot Blocked by Kerby Rychel.
15:20 of 1st period - Puck is out of play.
15:21 of 1st period - Christian Dvorak wins face-off versus Nick Paul in Bears zone.
16:09 of 1st period - Wrist shot by A.J. Jenks.
16:09 of 1st period - Stopped by Oscar Dansk without a rebound.
16:10 of 1st period - Dillon Dube wins face-off versus Sam Carrick in Icehogs zone.
16:12 of 1st period - Minor Penalty to Duncan Siemens for Roughing.
16:13 of 1st period - Mikhail Grigorenko wins face-off versus Sam Carrick in Icehogs zone.
16:20 of 1st period - Icing by Kerby Rychel.
16:21 of 1st period - Kerby Rychel wins face-off versus Mikhail Grigorenko in Bears zone.
16:46 of 1st period - Mikhail Grigorenko is hit by Gianluca Curcuruto and loses puck.
18:07 of 1st period - Christian Dvorak is hit by Kurtis Gabriel and loses puck.
18:11 of 1st period - Icing by A.J. Jenks.
18:12 of 1st period - Penalty to Duncan Siemens is over, Duncan Siemens is back on ice.
18:12 of 1st period - Christian Dvorak wins face-off versus Andrew Poturalski in Bears zone.
18:19 of 1st period - Andrew Poturalski is hit by Joshua Leivo and loses puck.
18:26 of 1st period - A.J. Jenks is hit by Andrew Poturalski and loses puck.
18:37 of 1st period - Snap shot by Cole Smith.
18:37 of 1st period - Shot Blocked by Myles Bell.
19:18 of 1st period - Slapshot by Emil Johansson.
19:18 of 1st period - Goal by Emil Johansson - Icehogs : 0 - Bears : 1.
19:19 of 1st period - Dillon Dube wins face-off versus Sam Carrick in neutral zone.
Goals for this period are 0 for Icehogs vs 1 for Bears.
Shots for this period are 11 for Icehogs vs 14 for Bears.
2nd period
0:01 of 2nd period - Sam Carrick wins face-off versus Dillon Dube in neutral zone.
0:32 of 2nd period - Wrist shot by Nick Paul.
0:32 of 2nd period - Stopped by Jake Allen with a rebound.
0:34 of 2nd period - Wrist shot by J.T. Brown.
0:34 of 2nd period - Shot Misses the Net.
0:56 of 2nd period - Slapshot by Nikita Scherbak.
0:56 of 2nd period - Shot Blocked by Emil Johansson.
1:18 of 2nd period - Slapshot by Christian Dvorak.
1:18 of 2nd period - Shot Misses the Net.
1:40 of 2nd period - Snap shot by Kerby Rychel.
1:40 of 2nd period - Stopped by Oscar Dansk without a rebound.
1:41 of 2nd period - Sam Carrick wins face-off versus Andrew Poturalski in Icehogs zone.
1:44 of 2nd period - Slapshot by Sam Carrick.
1:44 of 2nd period - Shot Blocked by J.T. Brown.
1:46 of 2nd period - Snap shot by Sam Carrick.
1:46 of 2nd period - Shot Misses the Net.
1:48 of 2nd period - Snap shot by Nicolas Aube-Kubel.
1:48 of 2nd period - Stopped by Oscar Dansk with a rebound.
1:50 of 2nd period - Wrist shot by Kerby Rychel.
1:50 of 2nd period - Shot Blocked by Julius Honka.
1:52 of 2nd period - Snap shot by Kerby Rychel.
1:52 of 2nd period - Stopped by Oscar Dansk without a rebound.
1:53 of 2nd period - Dillon Dube wins face-off versus Sam Carrick in Icehogs zone.
2:20 of 2nd period - Icing by Zach Whitecloud.
2:21 of 2nd period - Vincent Dunn wins face-off versus Andrew Poturalski in Icehogs zone.
2:35 of 2nd period - Snap shot by Nick Paul.
2:35 of 2nd period - Shot Misses the Net.
2:37 of 2nd period - Slapshot by Duncan Siemens.
2:37 of 2nd period - Deflect By Cole Smith.
2:37 of 2nd period - Stopped by Jake Allen with a rebound.
3:45 of 2nd period - Slapshot by Mike Reilly.
3:45 of 2nd period - Deflect By Nick Paul.
3:45 of 2nd period - Stopped by Jake Allen without a rebound.
3:46 of 2nd period - Vincent Dunn wins face-off versus Andrew Poturalski in Bears zone.
3:50 of 2nd period - Off-side.
3:51 of 2nd period - Sam Carrick wins face-off versus Andrew Poturalski in neutral zone.
4:18 of 2nd period - Slapshot by J.T. Brown.
4:18 of 2nd period - Stopped by Jake Allen without a rebound.
4:19 of 2nd period - Vincent Dunn wins face-off versus Dillon Dube in Bears zone.
4:21 of 2nd period - Minor Penalty to Vincent Dunn for Hooking.
4:22 of 2nd period - Christian Dvorak wins face-off versus Hudson Fasching in Bears zone.
4:36 of 2nd period - Wrist shot by Kerby Rychel.
4:36 of 2nd period - Goal by Kerby Rychel - Icehogs : 0 - Bears : 2.
4:37 of 2nd period - Kerby Rychel wins face-off versus Dillon Dube in neutral zone.
4:40 of 2nd period - Snap shot by Tommy Vannelli.
4:40 of 2nd period - Shot Blocked by Mikhail Grigorenko.
5:40 of 2nd period - Andrew Poturalski is hit by Adam Lowry and loses puck.
6:21 of 2nd period - Penalty to Vincent Dunn is over, Vincent Dunn is back on ice.
6:44 of 2nd period - Wrist shot by Nikolay Prokhorkin.
6:44 of 2nd period - Shot Blocked by Duncan Siemens.
7:51 of 2nd period - Vincent Dunn is hit by Mike Reilly and loses puck.
8:04 of 2nd period - Wrist shot by Christian Dvorak.
8:04 of 2nd period - Stopped by Oscar Dansk with a rebound.
8:06 of 2nd period - Slapshot by Christian Dvorak.
8:06 of 2nd period - Stopped by Oscar Dansk with a rebound.
8:35 of 2nd period - Nikolay Prokhorkin is hit by Maxim Letunov and loses puck.
10:13 of 2nd period - Dillon Dube is hit by Adam Lowry and loses puck.
10:20 of 2nd period - Snap shot by Hudson Fasching.
10:20 of 2nd period - Shot Blocked by Michael Prapavessis.
10:34 of 2nd period - Snap shot by Christian Dvorak.
10:34 of 2nd period - Stopped by Oscar Dansk without a rebound.
10:35 of 2nd period - Sam Carrick wins face-off versus Dillon Dube in Icehogs zone.
10:36 of 2nd period - Slapshot by Kerby Rychel.
10:36 of 2nd period - Shot Blocked by Mike Reilly.
10:41 of 2nd period - Mike Reilly is hit by Sam Carrick.
10:43 of 2nd period - Wrist shot by Mikhail Grigorenko.
10:43 of 2nd period - Stopped by Jake Allen without a rebound.
10:44 of 2nd period - Sam Carrick wins face-off versus Dillon Dube in Bears zone.
10:46 of 2nd period - Minor Penalty to Jesper Pettersson for Tripping.
10:47 of 2nd period - Christian Dvorak wins face-off versus Dillon Dube in Bears zone.
12:13 of 2nd period - A.J. Jenks is hit by Dillon Dube and loses puck.
12:46 of 2nd period - Penalty to Jesper Pettersson is over, Jesper Pettersson is back on ice.
12:55 of 2nd period - Snap shot by Kurtis Gabriel.
12:55 of 2nd period - Shot Misses the Net.
12:57 of 2nd period - Backhand shot by Michael Rasmussen.
12:57 of 2nd period - Stopped by Jake Allen without a rebound.
12:58 of 2nd period - Michael Rasmussen wins face-off versus Vincent Dunn in Bears zone.
13:45 of 2nd period - Wrist shot by Nick Paul.
13:45 of 2nd period - Stopped by Jake Allen with a rebound.
14:03 of 2nd period - Kerby Rychel is hit by Julius Honka and loses puck.
14:40 of 2nd period - Wrist shot by Logan O'Connor.
14:40 of 2nd period - Stopped by Oscar Dansk with a rebound.
14:42 of 2nd period - Slapshot by Adam Lowry.
14:42 of 2nd period - Shot Misses the Net.
14:44 of 2nd period - Wrist shot by Jesper Pettersson.
14:44 of 2nd period - Shot Blocked by Duncan Siemens.
14:46 of 2nd period - Slapshot by Nikolay Prokhorkin.
14:46 of 2nd period - Shot Misses the Net.
14:48 of 2nd period - Snap shot by Jacob Bryson.
14:48 of 2nd period - Stopped by Oscar Dansk with a rebound.
14:58 of 2nd period - Calle Andersson is hit by Christian Dvorak and loses puck.
15:49 of 2nd period - Icing by Mike Reilly.
15:50 of 2nd period - Sam Carrick wins face-off versus Dillon Dube in Icehogs zone.
15:53 of 2nd period - Backhand shot by Nicolas Aube-Kubel.
15:53 of 2nd period - Stopped by Oscar Dansk with a rebound.
17:28 of 2nd period - Snap shot by Joshua Leivo.
17:28 of 2nd period - Shot Misses the Net.
17:31 of 2nd period - Icing by Calle Andersson.
17:32 of 2nd period - Sam Carrick wins face-off versus Hudson Fasching in Icehogs zone.
17:49 of 2nd period - Snap shot by Mikhail Grigorenko.
17:49 of 2nd period - Goal by Mikhail Grigorenko - Icehogs : 1 - Bears : 2.
17:50 of 2nd period - Sam Carrick wins face-off versus Dillon Dube in neutral zone.
17:58 of 2nd period - Off-side.
17:59 of 2nd period - Sam Carrick wins face-off versus Dillon Dube in neutral zone.
18:19 of 2nd period - Off-side.
18:20 of 2nd period - Andrew Poturalski wins face-off versus Christian Dvorak in neutral zone.
18:47 of 2nd period - Sam Carrick is hit by Dillon Dube and loses puck.
19:14 of 2nd period - Snap shot by Vincent Dunn.
19:14 of 2nd period - Stopped by Oscar Dansk without a rebound.
19:15 of 2nd period - Dillon Dube wins face-off versus Christian Dvorak in Icehogs zone.
19:15 of 2nd period - Dillon Dube is hit by Jacob Bryson.
19:25 of 2nd period - Snap shot by Hudson Fasching.
19:25 of 2nd period - Goal by Hudson Fasching - Icehogs : 2 - Bears : 2.
19:26 of 2nd period - Sam Carrick wins face-off versus Dillon Dube in neutral zone.
19:58 of 2nd period - Wrist shot by Joshua Leivo.
19:58 of 2nd period - Goal by Joshua Leivo - Icehogs : 2 - Bears : 3.
19:59 of 2nd period - Dillon Dube wins face-off versus Sam Carrick in neutral zone.
Goals for this period are 2 for Icehogs vs 2 for Bears.
Shots for this period are 9 for Icehogs vs 12 for Bears.
3rd period
0:01 of 3rd period - Dillon Dube wins face-off versus Sam Carrick in neutral zone.
0:04 of 3rd period - Wrist shot by Hudson Fasching.
0:04 of 3rd period - Shot Hit the Post.
0:10 of 3rd period - Snap shot by Mikhail Grigorenko.
0:10 of 3rd period - Shot Blocked by Tommy Vannelli.
0:12 of 3rd period - Slapshot by Mike Reilly.
0:12 of 3rd period - Stopped by Jake Allen without a rebound.
0:13 of 3rd period - Sam Carrick wins face-off versus Hudson Fasching in Bears zone.
0:26 of 3rd period - Snap shot by Nicolas Aube-Kubel.
0:26 of 3rd period - Stopped by Oscar Dansk with a rebound.
1:32 of 3rd period - Wrist shot by Emil Johansson.
1:32 of 3rd period - Stopped by Oscar Dansk with a rebound.
1:42 of 3rd period - Nicolas Aube-Kubel is hit by Hudson Fasching and loses puck.
1:51 of 3rd period - Snap shot by Hudson Fasching.
1:51 of 3rd period - Deflect By Dillon Dube.
1:51 of 3rd period - Stopped by Jake Allen without a rebound.
1:52 of 3rd period - Andrew Poturalski wins face-off versus Christian Dvorak in Bears zone.
2:07 of 3rd period - Snap shot by Christian Dvorak.
2:07 of 3rd period - Shot Blocked by Nick Paul.
2:24 of 3rd period - Sam Carrick is hit by Mikhail Grigorenko and loses puck.
2:47 of 3rd period - Snap shot by Cole Smith.
2:47 of 3rd period - Stopped by Oscar Dansk without a rebound.
2:48 of 3rd period - Joshua Leivo wins face-off versus Andrew Poturalski in Icehogs zone.
2:51 of 3rd period - Snap shot by A.J. Jenks.
2:51 of 3rd period - Goal by A.J. Jenks - Icehogs : 2 - Bears : 4.
2:52 of 3rd period - Dillon Dube wins face-off versus Sam Carrick in neutral zone.
3:02 of 3rd period - Snap shot by Hudson Fasching.
3:02 of 3rd period - Stopped by Jake Allen without a rebound.
3:03 of 3rd period - Dillon Dube wins face-off versus Kerby Rychel in Bears zone.
3:06 of 3rd period - Snap shot by Mikhail Grigorenko.
3:06 of 3rd period - Shot Misses the Net.
3:08 of 3rd period - Slapshot by Julius Honka.
3:08 of 3rd period - Shot Blocked by Kerby Rychel.
3:10 of 3rd period - Wrist shot by Mikhail Grigorenko.
3:10 of 3rd period - Shot Misses the Net.
3:12 of 3rd period - Snap shot by Hudson Fasching.
3:12 of 3rd period - Shot Misses the Net.
3:14 of 3rd period - Slapshot by Julius Honka.
3:14 of 3rd period - Shot Blocked by Sam Carrick.
3:16 of 3rd period - Slapshot by Mike Reilly.
3:16 of 3rd period - Deflect By Dillon Dube.
3:16 of 3rd period - Deflect By Tommy Vannelli.
3:16 of 3rd period - Stopped by Jake Allen without a rebound.
3:17 of 3rd period - Sam Carrick wins face-off versus Dillon Dube in Bears zone.
3:24 of 3rd period - Slapshot by Tommy Vannelli.
3:24 of 3rd period - Shot Blocked by Julius Honka.
3:26 of 3rd period - Snap shot by Nicolas Aube-Kubel.
3:26 of 3rd period - Shot Misses the Net.
3:28 of 3rd period - Slapshot by Nicolas Aube-Kubel.
3:28 of 3rd period - Shot Blocked by Julius Honka.
3:30 of 3rd period - Slapshot by Tommy Vannelli.
3:30 of 3rd period - Stopped by Oscar Dansk with a rebound.
3:32 of 3rd period - Wrist shot by Kerby Rychel.
3:32 of 3rd period - Shot Misses the Net.
4:06 of 3rd period - Mike Reilly is hit by Michael Prapavessis and loses puck.
4:25 of 3rd period - Slapshot by Logan O'Connor.
4:25 of 3rd period - Stopped by Oscar Dansk with a rebound.
4:27 of 3rd period - Snap shot by Logan O'Connor.
4:27 of 3rd period - Goal by Logan O'Connor - Icehogs : 2 - Bears : 5.
4:28 of 3rd period - Sam Carrick wins face-off versus Dillon Dube in neutral zone.
4:35 of 3rd period - Calle Andersson is hit by Sam Carrick and loses puck.
4:54 of 3rd period - Calle Andersson is hit by Cole Smith.
4:58 of 3rd period - Snap shot by Nick Paul.
4:58 of 3rd period - Stopped by Jake Allen with a rebound.
5:19 of 3rd period - Wrist shot by Mike Reilly.
5:19 of 3rd period - Shot Misses the Net.
6:08 of 3rd period - Wrist shot by Kerby Rychel.
6:08 of 3rd period - Stopped by Oscar Dansk without a rebound.
6:09 of 3rd period - Christian Dvorak wins face-off versus Andrew Poturalski in Icehogs zone.
6:24 of 3rd period - Slapshot by A.J. Jenks.
6:24 of 3rd period - Stopped by Oscar Dansk with a rebound.
6:36 of 3rd period - Hudson Fasching is hit by Kerby Rychel and loses puck.
6:53 of 3rd period - Minor Penalty to Cole Smith for High sticking.
6:54 of 3rd period - Dillon Dube wins face-off versus Christian Dvorak in Bears zone.
8:12 of 3rd period - Nick Paul is hit by Adam Lowry.
8:45 of 3rd period - A.J. Jenks is hit by J.T. Brown and loses puck.
8:53 of 3rd period - Penalty to Cole Smith is over, Cole Smith is back on ice.
9:21 of 3rd period - Wrist shot by Christian Dvorak.
9:21 of 3rd period - Deflect By Kerby Rychel.
9:21 of 3rd period - Stopped by Oscar Dansk with a rebound.
9:23 of 3rd period - Wrist shot by Christian Dvorak.
9:23 of 3rd period - Shot Blocked by Calle Andersson.
9:58 of 3rd period - Snap shot by Kurtis Gabriel.
9:58 of 3rd period - Stopped by Jake Allen without a rebound.
9:59 of 3rd period - Adam Lowry wins face-off versus Dillon Dube in Bears zone.
10:24 of 3rd period - Jesper Pettersson is hit by Maxim Letunov and loses puck.
10:31 of 3rd period - Wrist shot by Nikita Scherbak.
10:31 of 3rd period - Shot Misses the Net.
10:43 of 3rd period - Snap shot by Adam Lowry.
10:43 of 3rd period - Stopped by Oscar Dansk without a rebound.
10:44 of 3rd period - Dillon Dube wins face-off versus Vincent Dunn in Icehogs zone.
11:38 of 3rd period - Wrist shot by Hudson Fasching.
11:38 of 3rd period - Shot Misses the Net.
12:44 of 3rd period - Slapshot by Calle Andersson.
12:44 of 3rd period - Shot Blocked by Gianluca Curcuruto.
12:54 of 3rd period - Snap shot by J.T. Brown.
12:54 of 3rd period - Shot Misses the Net.
13:08 of 3rd period - Snap shot by Logan O'Connor.
13:08 of 3rd period - Deflect By Adam Lowry.
13:08 of 3rd period - Shot Misses the Net.
13:08 of 3rd period - Puck is out of play.
13:09 of 3rd period - Dillon Dube wins face-off versus Adam Lowry in Icehogs zone.
13:20 of 3rd period - Slapshot by Hudson Fasching.
13:20 of 3rd period - Stopped by Jake Allen without a rebound.
13:21 of 3rd period - Hudson Fasching wins face-off versus Sam Carrick in Bears zone.
13:22 of 3rd period - Wrist shot by Mikhail Grigorenko.
13:22 of 3rd period - Stopped by Jake Allen with a rebound.
13:24 of 3rd period - Slapshot by Julius Honka.
13:24 of 3rd period - Stopped by Jake Allen without a rebound.
13:25 of 3rd period - Sam Carrick wins face-off versus Dillon Dube in Bears zone.
13:25 of 3rd period - Sam Carrick is hit by Dillon Dube.
14:17 of 3rd period - Wrist shot by Cole Smith.
14:17 of 3rd period - Stopped by Oscar Dansk with a rebound.
14:19 of 3rd period - Slapshot by Emil Johansson.
14:19 of 3rd period - Stopped by Oscar Dansk with a rebound.
14:21 of 3rd period - Wrist shot by Austin Wuthrich.
14:21 of 3rd period - Shot Blocked by Calle Andersson.
14:23 of 3rd period - Snap shot by Vincent Dunn.
14:23 of 3rd period - Stopped by Oscar Dansk without a rebound.
14:24 of 3rd period - Sam Carrick wins face-off versus Dillon Dube in Icehogs zone.
14:49 of 3rd period - Mikhail Grigorenko is hit by Tommy Vannelli and loses puck.
15:00 of 3rd period - Wrist shot by Austin Wuthrich.
15:00 of 3rd period - Shot Misses the Net.
15:02 of 3rd period - Wrist shot by Cole Smith.
15:02 of 3rd period - Shot Misses the Net.
15:56 of 3rd period - Slapshot by Julius Honka.
15:56 of 3rd period - Stopped by Jake Allen without a rebound.
15:57 of 3rd period - Maxim Letunov wins face-off versus Adam Lowry in Bears zone.
16:04 of 3rd period - Slapshot by Maxim Letunov.
16:04 of 3rd period - Stopped by Jake Allen with a rebound.
16:06 of 3rd period - Wrist shot by Maxim Letunov.
16:06 of 3rd period - Stopped by Jake Allen with a rebound.
16:22 of 3rd period - Snap shot by Hudson Fasching.
16:22 of 3rd period - Stopped by Jake Allen with a rebound.
16:24 of 3rd period - Slapshot by Mike Reilly.
16:24 of 3rd period - Deflect By Tommy Vannelli.
16:24 of 3rd period - Stopped by Jake Allen without a rebound.
16:25 of 3rd period - Dillon Dube wins face-off versus Sam Carrick in Bears zone.
16:38 of 3rd period - Hudson Fasching is hit by Kerby Rychel and loses puck.
17:20 of 3rd period - Wrist shot by Austin Wuthrich.
17:20 of 3rd period - Stopped by Oscar Dansk without a rebound.
17:21 of 3rd period - Hudson Fasching wins face-off versus Sam Carrick in Icehogs zone.
17:30 of 3rd period - Snap shot by Mikhail Grigorenko.
17:30 of 3rd period - Shot Misses the Net.
17:32 of 3rd period - Wrist shot by Dillon Dube.
17:32 of 3rd period - Shot Misses the Net.
17:34 of 3rd period - Snap shot by Hudson Fasching.
17:34 of 3rd period - Shot Misses the Net.
17:36 of 3rd period - Slapshot by Julius Honka.
17:36 of 3rd period - Stopped by Jake Allen without a rebound.
17:37 of 3rd period - Andrew Poturalski wins face-off versus Christian Dvorak in Bears zone.
17:44 of 3rd period - Mike Reilly is hit by Joshua Leivo and loses puck.
17:53 of 3rd period - Slapshot by Julius Honka.
17:53 of 3rd period - Stopped by Jake Allen with a rebound.
18:28 of 3rd period - Snap shot by Kurtis Gabriel.
18:28 of 3rd period - Shot Misses the Net.
Goals for this period are 0 for Icehogs vs 2 for Bears.
Shots for this period are 16 for Icehogs vs 15 for Bears.